Map: Fracture LE

Players

Hjax

  • Race: Protoss Protoss
  • Spawn Location: 11:00

TheWagon - Winner!

  • Race: Zerg Zerg
  • Spawn Location: 5:00

Event: WCS Montreal 2018

VOD

Have the link to the VOD?

Description

Time

  • Played on: Sept. 7, 2018, 1:23 p.m.
  • Length: 13:16

All games in this series

Show
View Real Time Build Order
Export as new Build Order

Hjax Protoss 

Build Orders: 1 Gate Expand, Oracle Opening, Phoenix Opening 

Get SALT Encoding   

  12  0:01  Probe  
  13  0:13  Probe  
  14  0:18  Pylon  
  14  0:24  Probe  
  15  0:32  Probe  
  15  0:38  Gateway  
  15  0:40  Probe  
  16  0:47  Assimilator  
  17  0:51  Probe  
  18  1:03  Probe  
  19  1:15  Probe  
  20  1:24  Nexus  
  20  1:34  Cybernetics Core  
  20  1:36  Probe  
  21  1:44  Assimilator  
  21  1:48  Probe  
  21  1:51  Pylon  
  22  2:00  Probe  
  22  2:01  Adept  
  23  2:08  Probe  
  26  2:16  Probe  
  26  2:21  Adept  
  27  2:26  Stargate, Probe  
  30  2:35  Probe  
  30  2:36  Warp Gate  
  30  2:38  Probe  
  31  2:44  Adept  
  31  2:47  Probe  
  31  2:50  Probe  
  35  3:00  Probe, Oracle  
  35  3:03  Probe  
  35  3:04  Pylon  
  37  3:12  Probe  
  41  3:15  Probe  
  42  3:24  Probe  
  43  3:27  Probe  
  43  3:29  Gateway  
  43  3:31  Twilight Council  
  44  3:36  Phoenix, Probe  
  44  3:39  Probe  
  46  3:48  Probe  
  47  3:50  Pylon  
  47  3:53  Probe  
  47  3:55  Resonating Glaives  
  48  3:56  Gateway  
  48  4:02  Gateway  
  48  4:05  Gateway  
  48  4:15  Pylon  
  48  4:29  Probe  
  49  4:32  Gateway  
  49  4:41  Adept x2  
  53  4:51  Probe  
  54  4:54  Adept, Assimilator  
  54  4:58  Adept  
  54  4:59  Assimilator  
  58  5:00  Adept  
  58  5:02  Pylon  
  58  5:03  Adept  
  58  5:05  Adept  
  64  5:15  Adept, Probe  
  67  5:34  Probe  
  68  5:39  Robotics Facility  
  68  5:46  Blink  
  68  5:48  Stalker x2  
  68  5:49  Stalker x2  
  76  5:51  Probe  
  77  6:04  Probe  
  78  6:11  Pylon  
  78  6:12  Probe  
  78  6:13  Pylon  
  78  6:16  Immortal  
  71  6:19  Robotics Facility  
  71  6:30  Robotics Bay  
  75  6:46  Pylon  
  75  6:50  Stalker x4  
  75  6:54  Nexus  
  74  6:55  Adept x2  
  77  7:06  Disruptor  
  77  7:14  Stalker x4  
  86  7:31  Stalker x2  
  86  7:33  Disruptor  
  91  7:48  Disruptor  
  91  7:53  Nexus  
  89  8:03  Stalker  
  89  8:04  Stalker  
  96  8:05  Nexus  
  94  8:17  Adept x3  
  94  8:18  Adept  
  102  8:21  Pylon  
  102  8:36  Forge  
  102  8:45  Stalker x4  
  107  9:08  Protoss Ground Weapons Level 1  
  107  9:11  Adept x6  
  119  9:25  Observer  
  119  9:28  Colossus  
  126  9:35  Adept  
  126  9:37  Adept  
  130  9:41  Adept  
  115  10:03  Adept x3  
  79  10:23  Colossus, Disruptor  
  79  10:25  Stalker  
  79  10:26  Stalker x3  
  94  10:29  Probe  
  94  10:30  Probe  
  94  10:33  Probe  
  94  10:34  Probe  
  97  10:38  Probe  
  99  10:45  Probe  
  93  11:05  Stalker x2  
  93  11:06  Stalker x3  
  103  11:13  Probe x3  
  106  11:20  Sentry  
  106  11:25  Probe  
  109  11:28  Pylon  
  109  11:42  Pylon  
  109  11:43  Pylon  
  109  11:46  Probe x3  
  112  11:48  Sentry x2  
  111  12:10  Adept x4  
  111  12:11  Disruptor  
  111  12:12  Disruptor  
  123  12:23  Adept x2  
  123  12:25  Assimilator  
  127  12:30  Assimilator  
  119  12:41  Stalker x2  
  119  12:42  Stalker x2  
  86  12:54  Stalker x2  
  84  13:10  Nexus  
  84  13:11  Adept x3  
Show
View Real Time Build Order
Export as new Build Order

TheWagon Zerg - Winner!

Build Orders: Pool First 

Get SALT Encoding   

  12  0:01  Drone  
  13  0:12  Overlord  
  13  0:17  Drone  
  14  0:31  Drone x2  
  14  0:34  Drone  
  17  0:45  Spawning Pool  
  17  0:47  Drone  
  17  0:53  Extractor  
  16  0:57  Drone  
  17  1:15  Hatchery  
  17  1:17  Drone  
  17  1:20  Drone  
  19  1:32  Zergling x2  
  19  1:35  Queen  
  21  1:43  Overlord  
  21  1:52  Drone  
  22  2:01  Drone  
  23  2:03  Metabolic Boost  
  23  2:11  Queen  
  23  2:12  Drone  
  27  2:22  Drone  
  27  2:27  Queen  
  27  2:28  Drone  
  30  2:36  Zergling x2  
  31  2:37  Drone, Evolution Chamber  
  31  2:46  Drone  
  31  2:47  Drone  
  31  2:48  Drone  
  34  2:52  Overlord  
  34  2:56  Drone  
  35  3:04  Drone  
  36  3:09  Zerg Melee Weapons Level 1  
  36  3:16  Spore Crawler  
  36  3:17  Spore Crawler  
  36  3:18  Drone x3  
  36  3:19  Drone  
  38  3:25  Zergling x4  
  40  3:31  Drone x3  
  42  3:48  Hatchery  
  42  3:50  Queen  
  43  4:00  Spore Crawler, Zergling x4  
  43  4:02  Overlord  
  44  4:06  Lair  
  44  4:11  Overlord  
  44  4:18  Extractor, Drone  
  43  4:24  Drone  
  43  4:29  Roach Warren  
  43  4:30  Drone x3  
  43  4:31  Drone x2  
  47  4:35  Extractor  
  47  4:41  Overlord  
  47  5:03  Overlord  
  47  5:10  Roach  
  47  5:11  Roach x7  
  47  5:12  Roach  
  47  5:13  Glial Reconstitution  
  64  5:16  Drone  
  65  5:29  Roach x3  
  65  5:34  Zergling x4  
  73  5:36  Overlord  
  72  5:54  Zerg Missile Weapons Level 1  
  72  5:56  Zergling x8  
  76  5:57  Roach  
  76  5:58  Overlord, Roach  
  76  5:59  Overseer  
  80  6:05  Drone  
  81  6:16  Drone x4  
  81  6:17  Drone x3  
  83  6:26  Queen  
  83  6:29  Overlord x2  
  83  6:31  Ravager x3  
  83  6:32  Ravager  
  89  6:39  Overlord  
  89  6:49  Zergling x14  
  94  6:56  Queen  
  94  6:59  Drone x3  
  99  7:02  Ravager x4  
  99  7:04  Overlord  
  99  7:06  Drone x2  
  105  7:09  Drone  
  105  7:14  Overlord  
  106  7:18  Hydralisk Den  
  99  7:27  Zergling x6  
  99  7:28  Zergling x8  
  100  7:37  Zergling x8  
  100  7:41  Drone  
  100  7:42  Drone, Overlord  
  104  7:45  Zergling x4  
  104  7:46  Zergling x4  
  104  7:48  Zerg Melee Weapons Level 2  
  105  7:52  Muscular Augments  
  105  7:57  Drone x2  
  105  7:58  Extractor x2  
  104  8:00  Ravager  
  104  8:01  Zergling x2  
  104  8:02  Zergling x4  
  108  8:11  Hydralisk x3  
  114  8:13  Overlord  
  114  8:14  Zergling x8  
  118  8:21  Hydralisk  
  118  8:23  Overlord  
  120  8:34  Hydralisk x4  
  128  8:44  Hydralisk x2  
  128  8:45  Hydralisk  
  134  8:58  Hydralisk  
  134  8:59  Hydralisk x3  
  134  9:00  Overlord  
  134  9:01  Zergling x6  
  145  9:15  Hydralisk  
  145  9:17  Overlord x2  
  145  9:23  Hydralisk x4  
  153  9:36  Overlord x2  
  125  10:01  Hydralisk x6  
  125  10:02  Hydralisk x2  
  130  10:08  Hydralisk  
  130  10:13  Zergling x24  
  126  10:19  Hydralisk x2  
  116  10:24  Zergling x6  
  119  10:35  Zerg Missile Weapons Level 2  
  119  10:37  Drone x3  
  119  10:42  Zergling x6  
  117  11:01  Zergling x8  
  117  11:02  Zergling x4  
  113  11:05  Roach x2  
  113  11:06  Roach x3  
  123  11:16  Hydralisk  
  123  11:17  Hydralisk  
  123  11:19  Roach x3  
  123  11:23  Hatchery  
  128  11:32  Ravager  
  129  11:33  Ravager x3  
  129  11:36  Hydralisk x3  
  129  11:38  Zergling x2  
  129  11:39  Zergling x8  
  143  11:44  Hydralisk x3  
  149  11:52  Ravager x3  
  149  11:53  Ravager  
  153  11:54  Zergling x8  
  153  11:55  Zergling x2  
  145  12:09  Hydralisk  
  145  12:10  Hydralisk x3  
  145  12:11  Zergling x2  
  145  12:12  Zergling x2  
  155  12:18  Zergling x6  
  155  12:19  Zergling x2  
  150  12:25  Hydralisk x2  
  140  12:38  Hydralisk x4  
  131  12:45  Zergling x6  
  131  12:46  Zergling x4  
  123  12:51  Zergling x2  
  123  12:52  Zergling x6  
  128  12:58  Zergling x6  
  128  12:59  Zergling x2  
Tags
 
Add a new tag
Caveats
  • Supply blocks, unpowered buildings, or Contaminate may cause inaccurate times.
  • Supply counts are checked every 10 seconds.